 Dungeon Crawl Stone Soup version 0.29-a0-994-gc5c9f59d18 (webtiles) character file.

Game seed: 1309180303718770806

20 nightchill the Shooter (level 3, -1/21 HPs)
             Began as a Kobold Arcane Marksman on Aug 3, 2022.
             Slain by a kobold
             ... wielding a +2 whip of pain
              (5 damage)
             ... on level 1 of the Dungeon.
             The game lasted 00:02:15 (915 turns).

nightchill the Shooter (Kobold Arcane Marksman)      Turns: 915, Time: 00:02:16

Health: -1/21      AC:  8    Str:  9    XL:     3   Next: 0%
Magic:  4/4        EV:  6    Int: 14    God:
Gold:   41         SH:  0    Dex: 15    Spells: 3/4 levels left

rFire   . . .      SeeInvis .   a - +1 sling
rCold   . . .      Faith    .   (no shield)
rNeg    . . .      Spirit   .   h - +0 chain mail
rPois   .          Reflect  .   (no helmet)
rElec   .          Harm     .   (no cloak)
rCorr   .          Rampage  .   (no gloves)
Will    .....                   (no boots)
Stlth   ..........              (no amulet)
HPRegen 0.07/turn               (no ring)
MPRegen 0.09/turn               (no ring)

@: no status effects
A: small, no large weapons, nightstalker 3
a: no special abilities


You were on level 1 of the Dungeon.
You visited 1 branch of the dungeon, and saw 1 of its levels.

You collected 41 gold pieces.

Inventory:

Hand Weapons
 a - a +1 sling (weapon)
 d - a +0 short sword
Armour
 c - a +0 robe
 h - a +0 chain mail (worn)
Scrolls
 b - a scroll of vulnerability
 g - a scroll of fear {unknown}
 i - a scroll of noise {unknown}
 j - a scroll of teleportation {unknown}
Potions
 e - a potion of magic {unknown}
 f - a potion of resistance {unknown}


   Skills:
 + Level 1.8 Fighting
 * Level 3.9 Ranged Weapons
 - Level 2.4 Dodging
 - Level 1.1 Spellcasting
 - Level 3.0 Hexes


You had 3 spell levels left.
You knew the following spells:

 Your Spells              Type           Power      Damage    Failure   Level
a - Slow                  Hex            36%        N/A       100%        1

Your spell library contained the following spells:

 Spells                   Type           Power      Damage    Failure   Level
 Inner Flame              Hex/Fire       4%         N/A       100%        3
 Portal Projectile        Hex/Tloc       8%         N/A       100%        3
 Cause Fear               Hex            4%         N/A       100%        4


Dungeon Overview and Level Annotations

Branches:
Dungeon (1/15)

Altars:


Innate Abilities, Weirdness & Mutations

You are small and have problems with some larger weapons.
You are completely attuned to the shadows.


Message History

Aim: a kobold, wielding a +2 whip of pain (50% to hit)
You shoot a sling bullet.
The sling bullet barely misses the kobold.
Fire: a) +1 sling
Press: ? - help, Q - select action, (/) - cycle Shift-Dir - straight line, f/p - kobold
Aim: a kobold, wielding a +2 whip of pain (50% to hit)
You shoot a sling bullet.
The sling bullet closely misses the kobold.
The kobold hits you but does no damage.
The kobold hits you with a +2 whip of pain!
Fire: a) +1 sling
Press: ? - help, Q - select action, (/) - cycle Shift-Dir - straight line, f/p - kobold
Aim: a kobold, wielding a +2 whip of pain (50% to hit)
You shoot a sling bullet.
The sling bullet closely misses the kobold.
The kobold hits you with a +2 whip of pain. x2
* * * LOW HITPOINT WARNING * * *
Fire: a) +1 sling
Press: ? - help, Q - select action, (/) - cycle Shift-Dir - straight line, f/p - kobold
Aim: a kobold, wielding a +2 whip of pain (50% to hit)
You shoot a sling bullet. The sling bullet hits the kobold.
The kobold is severely wounded.
The kobold hits you with a +2 whip of pain.
* * * LOW HITPOINT WARNING * * *
Fire: a) +1 sling
Press: ? - help, Q - select action, (/) - cycle Shift-Dir - straight line, f/p - kobold
Aim: a kobold, wielding a +2 whip of pain (severely wounded, 50% to hit)
You shoot a sling bullet.
The sling bullet completely misses the kobold.
The kobold hits you but does no damage. x2
The kobold hits you with a +2 whip of pain.
* * * LOW HITPOINT WARNING * * *
Fire: a) +1 sling
Press: ? - help, Q - select action, (/) - cycle Shift-Dir - straight line, f/p - kobold
Aim: a kobold, wielding a +2 whip of pain (severely wounded, 50% to hit)
You shoot a sling bullet.
The sling bullet barely misses the kobold.
The kobold barely misses you.
The kobold hits you with a +2 whip of pain.
You die...

...........# #...
.............# #..#
.............# #..#
.............# #..#
.............# ...#
..........##### .
#.#.# .....>....'....
..
..........########...
####
..........'.....@K...
....
..........##.........
#.#
..........##.†.......
#..
..........##.......>.
###
#####.######.........
# ..........#.†......
# ..........#†... #
..........#.... #
####.......... . #


You could see a kobold.

Vanquished Creatures
  A dart slug (D:1)
  A ball python (D:1)
  4 hobgoblins (D:1)
  2 quokkas (D:1)
  4 goblins (D:1)
  A kobold (D:1)
  4 rats (D:1)
17 creatures vanquished.

Notes
Turn   | Place    | Note
-------+----------+-------------------------------------------
     0 | D:1      | nightchill the Kobold Arcane Marksman began the quest for
                  | the Orb.
     0 | D:1      | Reached XP level 1. HP: 12/12 MP: 2/2
   337 | D:1      | Reached XP level 2. HP: 16/16 MP: 3/3
   904 | D:1      | Reached XP level 3. HP: 20/21 MP: 4/4
   915 | D:1      | Slain by a kobold

Illustrated notes

Levels and vault maps discovered:
D:1:      dpeg_arrival_simpleton_a, layout_basic, st_stairs_3, item_on_display_a

Skill      XL: |  1 |
---------------+----+-----
Ranged Weapons | 3 |  3.9
Fighting       | |  1.8
Dodging        | |  2.4
Spellcasting   | |  1.1
Hexes          | |  3.0

Action                   || total
-------------------------++-------
 Fire: Sling             ||    55
 Cast: Slow              ||     2
Armor: Robe              ||     1
       Chain mail        ||    19
Dodge: Dodged            ||    15

Table legend: (Time is in decaauts)
 A = Elapsed time spent in this place.
 B = Non-inter-level travel time spent in this place.
 C = Inter-level travel time spent in this place.
 D = Time resting spent in this place.
 E = Time spent auto-exploring this place.
 F = Levels seen in this place.
 G = Mean time per level.
                   A        B        C        D        E       F      G
               +--------+--------+--------+--------+--------+-----+--------+
         Total |    946 |    927 |     19 |    546 |    239 |   1 |  946.0 |
       Dungeon |    946 |    927 |     19 |    546 |    239 |   1 |  946.0 |
               +--------+--------+--------+--------+--------+-----+--------+

Top non-repeatable levels by time:
     D:1: 946 daAuts
